 Dungeon Crawl Stone Soup version 0.19-a0-517-gd6a9987 (webtiles) character file.

249 ButterlyOfSin the Ruffian (level 5, -1/50 HPs)
             Began as a Troll Monk on June 6, 2016.
             Slain by an orc warrior
             ... wielding a +0 hand axe
              (14 damage)
             ... on level 3 of the Dungeon.
             The game lasted 00:06:59 (1908 turns).

ButterlyOfSin the Ruffian (Troll Monk)              Turns: 1908, Time: 00:06:59

Health: -1/50      AC:  5    Str: 20    XL:     5   Next: 86%
Magic:  4/4        EV: 10    Int:  6    God:
Gold:   142        SH:  0    Dex: 12    Spells: 0 memorised, 4 levels left

rFire  . . .     SeeInvis .       - Unarmed
rCold  . . .     Gourm    +     a - +0 robe
rNeg   . . .     Faith    .     (no shield)
rPois  .         Spirit   .     (helmet restricted)
rElec  .         Dismiss  .     (no cloak)
rCorr  .         Reflect  .     (gloves unavailable)
SustAt .         Harm     +     (boots unavailable)
MR     .....                    k - amulet of harm
Stlth  +.........               (no ring)
                                (no ring)

@: not resistant to hostile enchantments, very unstealthy
A: unfitting armour, claws 3, fast metabolism 3, gourmand, regeneration 2,
shaggy fur 1, tough skin 2
a: no special abilities


You were on level 3 of the Dungeon.
You were very full.

You visited 1 branch of the dungeon, and saw 4 of its levels.

You collected 142 gold pieces.

Inventory:

Armour
 a - a +0 robe (worn)
Jewellery
 k - an amulet of harm (around neck)
Wands
 i - a wand of acid (6/15)
Scrolls
 c - 2 scrolls of remove curse {unknown}
 f - 2 scrolls of identify {unknown}
 h - a scroll of teleportation {unknown}
 l - a scroll of enchant armour {unknown}
 m - a scroll of blinking {unknown}
Potions
 d - a potion of heal wounds {unknown}
 e - a potion of might {unknown}
 g - a potion of degeneration {unknown}
Comestibles
 b - 3 bread rations
 j - a meat ration


   Skills:
 + Level 2.4 Fighting
 - Level 2.4 Dodging
 - Level 1.1 Stealth
 + Level 7.2 Unarmed Combat


You had 4 spell levels left.
You didn't know any spells.

Dungeon Overview and Level Annotations

Branches:
Dungeon (4/15)
 Temple: D:4-7

Altars:
Vehumet


Innate Abilities, Weirdness & Mutations

You are too large for most types of armour.
You have claws for hands.
Your metabolism is lightning-fast.
You like to eat raw meat.
You heal very quickly.
You are covered in fur. (AC +1)
You have very tough skin. (AC +2)


Message History

You are too injured to fight recklessly!
You are too injured to fight recklessly!
You barely miss the orc warrior.
The orc warrior hits you but does no damage.
The orc warrior hits you with a hand axe.
* * * LOW HITPOINT WARNING * * *
Found 16 poisoned needles.
The orc warrior closely misses you.
There is a stone staircase leading up here.
You climb upwards.
There is a stone staircase leading down here.
You scratch the orc warrior.
The orc warrior is moderately wounded.
The orc warrior hits you with a hand axe!
* * * LOW HITPOINT WARNING * * *
You are too injured to fight recklessly!
You closely miss the orc warrior.
The orc warrior is moderately wounded.
The orc warrior hits you with a hand axe!
You die...

.##............###..##..........#
##..............###.##..........#
#..............# #.............#
#..............#####.>#.########
#................# ##...### ##..
#..............#.# #.....###..#
##.............#.# #.###..##.##
##...........o#.## #.# ##..#.#
############.@..###.# ##...#
#.#...(..# ####.### #######
#.###.##.###.(.....
#<....#########.###..#..#..#####.
#..................#..).((#....##
#....†###########................
###...............)............#.
###############.....##.......#.
#.....#######....##


You could see an orc warrior.

Vanquished Creatures
  A phantom (D:4)
  7 adders
  4 worms (D:2)
  2 dart slugs (D:1)
  3 giant geckos
  2 orcs (D:3)
  A ball python (D:2)
  6 giant cockroaches
  9 goblins
  8 hobgoblins
  A quokka (D:2)
  7 bats
  5 giant newts
  6 kobolds
  9 rats
71 creatures vanquished.

Notes
Turn   | Place    | Note
--------------------------------------------------------------
     0 | D:1      | ButterlyOfSin the Troll Monk began the quest for the Orb.
     0 | D:1      | Reached XP level 1. HP: 22/22 MP: 0/0
   256 | D:1      | Reached XP level 2. HP: 29/29 MP: 1/1
   637 | D:2      | Reached skill level 5 in Unarmed Combat
   637 | D:2      | Reached XP level 3. HP: 36/36 MP: 2/2
   762 | D:2      | Reached XP level 4. HP: 44/44 MP: 3/3
  1172 | D:3      | Reached skill level 6 in Unarmed Combat
  1197 | D:3      | Found a radiant altar of Vehumet.
  1637 | D:3      | Reached XP level 5. HP: 50/50 MP: 4/4
  1779 | D:4      | Noticed a phantom
  1794 | D:4      | Killed a phantom
  1794 | D:4      | Reached skill level 7 in Unarmed Combat
  1860 | D:4      | Noticed an orc warrior
  1908 | D:3      | Slain by an orc warrior

Vault maps used:
D:1:      dpeg_arrival_rooms_b
D:3:      lemuel_coloured_pillars_altar, first_bread
D:4:      lemuel_doored_altar, uniq_menkaure

Skill      XL: |  1  2  3  4  5 |
---------------+----------------+-----
Unarmed Combat | 5 6 7 |  7.2
Fighting       | |  2.4
Dodging        | |  2.4
Stealth        | |  1.1

Action                   |  1- 3 |  4- 6 || total
-------------------------+-------+-------++-------
Melee: Unarmed           |    76 |   115 ||   191
       Punch             |     1 |     2 ||     3
 Stab: Sleeping          |     1 |       ||     1
  Eat: Chunk             |     6 |    15 ||    21
Armor: Robe              |    17 |    47 ||    64
Dodge: Dodged            |    29 |    48 ||    77
